[Event "EYCC O18-ch 2024"]
[Site "Prague"]
[Date "2024.08.26"]
[Round "5.10"]
[White "Hercegovac, Neven"]
[Black "Dehtiarov, Roman"]
[Result "1/2-1/2"]
[ECO "B67"]
[WhiteElo "2278"]
[BlackElo "2308"]
[Annotator "RC"]
[PlyCount "123"]
[EventDate "2024.08.19"]
[EventType "swiss"]
[EventCountry "CZE"]
[SourceTitle "playchess.com"]
[Source "ChessBase"]
[SourceQuality "1"]
[TimeControl "5400+30"]

1. e4 c5 2. Nf3 d6 3. d4 cxd4 4. Nxd4 Nf6 5. Nc3 Nc6 6. Bg5 e6 7. Qd2 a6 8. O-O-O Bd7 9. Kb1 b5 10. Nxc6 Bxc6 11. f3 Be7 12. h4 Rc8 13. Ne2 Bb7 14. Nd4 O-O 15. g4 Nd7 16. Qh2 Ne5 17. Bxe7 Qxe7 18. g5 Nc4 19. Bd3 Qc7 20. Bxc4 bxc4 21. c3 Qe7 22. Rhe1 f6 23. gxf6 Rxf6 24. Rg1 Kh8 25. Rg5 Rcf8 26. Qe2 h6 27. Rg3 Rf4 28. Rdg1 R8f7 29. Rg6 R4f6 30. h5 Rxg6 31. Rxg6 Qh4 32. Rxe6 Qxh5 33. Rxd6 Qh1+ 34. Kc2 Rc7 35. Ne6 Rf7 36. Rd8+ Kh7 37. Nf8+ Kg8 38. Ng6+ Kh7 39. Ne5 Rf6 40. Rd2 Qh5 41. Ng4 Rf4 42. Rd4 Qh1 43. Ne5 Rh4 44. Rd2 Rxe4 45. fxe4 Bxe4+ 46. Nd3 cxd3+ 47. Rxd3 Bg6 48. Kb3 Qb7+ 49. Ka3 Bxd3 50. Qxd3+ g6 51. c4 h5 52. c5 h4 53. b3 Qe7 54. Qd6 Qxd6 55. cxd6 h3 56. d7 h2 57. d8=Q h1=Q 58. Qe7+ Kh6 59. Qf8+ Kh7 60. Qf7+ Kh6 61. Qf8+ Kh7 62. Qf7+ 1/2-1/2

[Event "EYCC O18-ch 2024"]
[Site "Prague"]
[Date "2024.08.26"]
[Round "5.11"]
[White "Valiyev, Shahin"]
[Black "Zlatkov, Anton"]
[Result "1/2-1/2"]
[ECO "B47"]
[WhiteElo "2245"]
[BlackElo "2297"]
[Annotator "RC"]
[PlyCount "63"]
[EventDate "2024.08.19"]
[EventType "swiss"]
[EventCountry "CZE"]
[SourceTitle "playchess.com"]
[Source "ChessBase"]
[SourceQuality "1"]
[TimeControl "5400+30"]

1. e4 c5 2. Nf3 Nc6 3. d4 cxd4 4. Nxd4 e6 5. Nc3 Qc7 6. g3 a6 7. Bg2 Nf6 8. O-O Nxd4 9. Qxd4 Bc5 10. Bf4 d6 11. Qd2 h6 12. Rad1 e5 13. Be3 Bxe3 14. fxe3 Be6 15. Qxd6 Rc8 16. h3 Nd7 17. Rf2 Qxd6 18. Rxd6 Ke7 19. Rd1 Rxc3 20. bxc3 Rc8 21. Rb1 b5 22. a4 bxa4 23. Ra1 Nb6 24. Ra3 Bd7 25. Bf1 Bb5 26. Bd3 Nc4 27. Bxc4 Rxc4 28. Rd2 Rxe4 29. Kf2 f5 30. h4 Bc6 31. Rd1 Rc4 32. Rb1 1/2-1/2

[Event "EYCC O18-ch 2024"]
[Site "Prague"]
[Date "2024.08.26"]
[Round "5.11"]
[White "Grgantov, Marin"]
[Black "Palczert, Matyas"]
[Result "0-1"]
[ECO "C28"]
[WhiteElo "2110"]
[BlackElo "2341"]
[Annotator "RC"]
[PlyCount "116"]
[EventDate "2024.08.19"]
[EventType "swiss"]
[EventCountry "CZE"]
[SourceTitle "playchess.com"]
[Source "ChessBase"]
[SourceQuality "1"]
[TimeControl "5400+30"]

1. e4 e5 2. Nc3 Nf6 3. Bc4 Nc6 4. d3 Na5 5. Qf3 c6 6. Nge2 b5 7. Bb3 d6 8. h3 Nxb3 9. axb3 Be7 10. O-O O-O 11. Ng3 Ne8 12. Qe3 b4 13. Nd1 d5 14. exd5 Qxd5 15. Re1 f6 16. Rxa7 Rxa7 17. Qxa7 Bc5 18. Qa4 f5 19. Bd2 Qd6 20. Be3 Bd4 21. Bxd4 exd4 22. Qa5 c5 23. Qa8 Nf6 24. Qf3 g6 25. Qe2 Bd7 26. Qe5 Qc6 27. Qf4 Nd5 28. Qg5 Qf6 29. Qxf6 Rxf6 30. Re5 Bc6 31. Ne2 f4 32. f3 Bb7 33. Nf2 Rf5 34. Rxf5 gxf5 35. h4 Kf7 36. Nh3 Ne3 37. Ng5+ Ke7 38. Nxh7 Bd5 39. Nxf4 Bg8 40. Ng5 Nxc2 41. Kf2 Ne3 42. Ne2 Bxb3 43. h5 Nd1+ 44. Ke1 Nxb2 45. Kd2 c4 46. Nxd4 c3+ 47. Ke2 Bd1+ 48. Ke1 Ba4 49. h6 Nxd3+ 50. Ke2 Nf4+ 51. Ke3 Nxg2+ 52. Kf2 Nf4 53. h7 Ng6 54. Nge6 c2 55. Nf4 Nh8 56. Nd3 b3 57. Nxc2 bxc2 58. Ke2 Bb5 0-1

[Event "EYCC O18-ch 2024"]
[Site "Prague"]
[Date "2024.08.26"]
[Round "5.12"]
[White "Babula, Vlastimil"]
[Black "Lang, Simon"]
[Result "1-0"]
[ECO "C11"]
[WhiteElo "2503"]
[BlackElo "2138"]
[Annotator "TA"]
[PlyCount "61"]
[EventDate "2024.08.19"]
[EventType "swiss"]
[EventCountry "CZE"]
[SourceTitle "playchess.com"]
[Source "ChessBase"]
[SourceQuality "1"]
[TimeControl "5400+30"]

1. e4 e6 2. d4 d5 3. Nc3 Nf6 4. e5 Nfd7 5. f4 c5 6. Nf3 Nc6 7. Be3 a6 8. Ne2 Qb6 9. Qc1 Be7 10. c3 {[%emt 0:01:03] White is slightly better.} O-O 11. dxc5 Bxc5 12. Ned4 $1 f6 (12... Nxd4 $11 13. cxd4 Be7) 13. b4 $14 Bxd4 14. Nxd4 fxe5 (14... Nd8 $14) 15. Nxe6 $16 d4 16. Nxf8 Nxf8 (16... dxe3 $142 17. Nxd7 Bxd7) 17. Bf2 $1 Be6 18. fxe5 (18. Bd3 Rc8) 18... Bd5 19. cxd4 {[%emt 0:10:49] a3 is the strong threat.} Ne6 20. a3 Rf8 {[%emt 0:04:12][%cal Of8f2] [#] Strongly threatening ...Rxf2!} 21. Qd2 Rf4 (21... Qd8 {is a better defense.} 22. h4 h6) 22. Be2 $2 (22. Be3 $18 {and White stays clearly on top.} Rg4 23. h3) 22... Bxg2 $2 (22... Ncxd4 $16 23. Rc1 (23. O-O Bxg2 24. Rfd1 Bd5 $17) 23... Nc2+ (23... Bxg2 $2 24. Bxd4 Qxd4 25. Qxd4 $18) 24. Rxc2 Qxf2+ 25. Kd1 Bb3) 23. Rg1 Bd5 24. Be3 Re4 {[%emt 0:01:25] A mistake that costs the game.} (24... Nexd4 $16 25. Rg3 (25. Bxf4 $2 {loses.} Nf3+ 26. Kd1 Nxd2 $19) (25. Rxg7+ $2 Kxg7 26. O-O-O Nb3+ 27. Kb2 Nxd2 $19) 25... Rh4 26. Bxd4 Rxd4) 25. O-O-O (25. Bd3 $18 {has better winning chances.} Rh4 26. Qf2) 25... Ncxd4 26. Kb2 Qc6 {[%emt 0:00:52] [#]} (26... Qc7 $16 {might work better.} 27. Bxd4 Nxd4) 27. Rc1 $1 $18 Qa4 (27... Qe8 28. Bxd4 Nxd4) 28. Bd1 (28. Rc8+ $142 Kf7 29. Bd1) 28... Bb3 (28... Qd7 $18 29. Rg4 Rxg4 30. Bxg4 h5 31. Bxh5 Nb3 32. Rc8+ Nf8) 29. Rc8+ {[%emt 0:01:17] White mates.} Kf7 30. Qf2+ Ke7 {[%emt 0:01:05] [#]} 31. Rxg7+ $3 {[%emt 0:00:24][%mdl 512] Weighted Error Value: White=0.43/Black=0.68.  Loses game:     	---       	Black=2      Missed win:     	White=2     	---        Mistake:       	White=1     	Black=7      Inaccurate:     	White=1     	---        OK:         	White=8     	Black=7      Best:        	White=3     	Black=1      Strong:       	White=2     	---} 1-0

[Event "EYCC O18-ch 2024"]
[Site "Prague"]
[Date "2024.08.26"]
[Round "5.12"]
[White "Kreken, Eivind Grunt"]
[Black "Bermudez Ureba, Juan Diego"]
[Result "1/2-1/2"]
[ECO "A35"]
[WhiteElo "2294"]
[BlackElo "2183"]
[Annotator "RC"]
[PlyCount "31"]
[EventDate "2024.08.19"]
[EventType "swiss"]
[EventCountry "CZE"]
[SourceTitle "playchess.com"]
[Source "ChessBase"]
[SourceQuality "1"]
[TimeControl "5400+30"]

1. c4 c5 2. Nf3 Nf6 3. Nc3 Nc6 4. d4 cxd4 5. Nxd4 d5 6. cxd5 Nxd5 7. Nxc6 bxc6 8. g3 Bb7 9. Bg2 e6 10. O-O Be7 11. Bd2 O-O 12. Rc1 c5 13. Na4 Rc8 14. b3 Ba6 15. Nb2 Nb6 16. Bf3 1/2-1/2

[Event "EYCC O18-ch 2024"]
[Site "Prague"]
[Date "2024.08.26"]
[Round "5.13"]
[White "Malek, Jan"]
[Black "Seidl, Jan"]
[Result "1-0"]
[ECO "D45"]
[WhiteElo "2482"]
[BlackElo "2276"]
[Annotator "TA"]
[PlyCount "49"]
[EventDate "2024.08.19"]
[EventType "swiss"]
[EventCountry "CZE"]
[SourceTitle "playchess.com"]
[Source "ChessBase"]
[SourceQuality "1"]
[TimeControl "5400+30"]

1. d4 d5 2. c4 e6 3. Nf3 Nf6 4. Nc3 c6 5. e3 Nbd7 6. Qc2 Bd6 7. Be2 O-O 8. O-O dxc4 9. Bxc4 b5 10. Be2 Bb7 11. e4 e5 $1 12. dxe5 Nxe5 13. Nh4 g6 {[%emt 0:25:09] Dodges Nf5} 14. f4 {White is slightly better.} Nc4 15. e5 {[%emt 0:13:50][%cal Oe2c4] [#] Hoping for Bxc4!} Bc5+ 16. Kh1 Ng4 17. Bxg4 $16 Qxh4 18. Ne4 $36 {[%emt 0:07:47][%mdl 2048] White is really pushing.} Bd4 19. Nf6+ Kg7 {[%cal Oc4e5] [#]} 20. Qe4 {The board is on fire.} ({White should play} 20. Qe2 $1) 20... Bxb2 $2 {[%emt 0:05:02][%mdl 8192] Loses the game.} (20... Rfd8 $16) 21. Bxb2 $18 {[%emt 0:00:57] White is clearly winning.} Nxb2 22. Rf3 h5 23. Bd7 Rab8 24. g3 c5 25. Qe2 {[%emt 0:00:15] Weighted Error Value: White=0.62/Black=0.28 (precise) .  Loses game:     	---       	Black=1      Mistake:       	White=1     	Black=1      OK:         	White=5     	Black=5      Best:        	White=1     	Black=1} 1-0

[Event "EYCC O18-ch 2024"]
[Site "Prague"]
[Date "2024.08.26"]
[Round "5.13"]
[White "Ribera Veganzones, Serni"]
[Black "Kovalskyi, Roman"]
[Result "1-0"]
[ECO "B36"]
[WhiteElo "2309"]
[BlackElo "2108"]
[Annotator "RC"]
[PlyCount "118"]
[EventDate "2024.08.19"]
[EventType "swiss"]
[EventCountry "CZE"]
[SourceTitle "playchess.com"]
[Source "ChessBase"]
[SourceQuality "1"]
[TimeControl "5400+30"]

1. e4 c5 2. Nf3 g6 3. d4 cxd4 4. Nxd4 Nc6 5. c4 Nf6 6. Nc3 d6 7. Be2 Nxd4 8. Qxd4 Bg7 9. Be3 O-O 10. Qd3 a5 11. O-O Bd7 12. b3 Bc6 13. Rac1 Nd7 14. Qd2 Nc5 15. f3 Be5 16. Kh1 e6 17. Bg5 f6 18. Be3 f5 19. exf5 gxf5 20. f4 Bxc3 21. Qxc3 Ne4 22. Qe1 Rf6 23. Bf3 Rh6 24. Rd1 Qe7 25. Bb6 Ra6 26. Bd4 Qh4 27. Qxh4 Rxh4 28. Kg1 Kf7 29. g3 Rh6 30. Bb2 Ke7 31. Rd4 Rg6 32. Be2 a4 33. b4 a3 34. Ba1 Ra4 35. b5 Bd7 36. Rb1 Rg8 37. Bd1 Ra5 38. Bf3 Nc5 39. Bc3 Ra4 40. Bd1 Ra7 41. Bb4 b6 42. Bc2 Rd8 43. Re1 Rf8 44. Red1 Nb7 45. Rxd6 Nxd6 46. Rxd6 Rc8 47. Rxb6+ Kd8 48. c5 Kc7 49. Bc3 Kd8 50. Bf6+ Kc7 51. Be5+ Kd8 52. c6 Be8 53. Bb3 Bf7 54. Rb7 Rca8 55. b6 Ra6 56. Rxf7 Rxb6 57. Rf8+ Ke7 58. Rxa8 Rxc6 59. Rxa3 h5 1-0

[Event "EYCC O18-ch 2024"]
[Site "Prague"]
[Date "2024.08.26"]
[Round "5.14"]
[White "Paseka, Matyas"]
[Black "Razafindratsima, Timothe"]
[Result "0-1"]
[ECO "B33"]
[WhiteElo "2281"]
[BlackElo "2457"]
[Annotator "RC"]
[PlyCount "54"]
[EventDate "2024.08.19"]
[EventType "swiss"]
[EventCountry "CZE"]
[SourceTitle "playchess.com"]
[Source "ChessBase"]
[SourceQuality "1"]
[TimeControl "5400+30"]

1. e4 c5 2. Nf3 Nc6 3. d4 cxd4 4. Nxd4 Nf6 5. Nc3 e5 6. Ndb5 d6 7. Bg5 a6 8. Na3 Be6 9. Nc4 Rb8 10. Bxf6 Qxf6 11. Nb6 Qd8 12. Ncd5 g6 13. a4 Bh6 14. h4 O-O 15. Bc4 Kh8 16. Ra3 f5 17. h5 g5 18. exf5 Bxf5 19. a5 g4 20. Be2 Nd4 21. Bd3 Qg5 22. Nc4 g3 23. O-O Bg4 24. Qe1 Nf3+ 25. gxf3 gxf2+ 26. Rxf2 Bxf3+ 27. Kf1 Bg2+ 0-1

[Event "EYCC O18-ch 2024"]
[Site "Prague"]
[Date "2024.08.26"]
[Round "5.14"]
[White "Szikszai, Bertalan"]
[Black "Rak, Martin"]
[Result "1-0"]
[ECO "B52"]
[WhiteElo "2278"]
[BlackElo "2104"]
[Annotator "RC"]
[PlyCount "63"]
[EventDate "2024.08.19"]
[EventType "swiss"]
[EventCountry "CZE"]
[SourceTitle "playchess.com"]
[Source "ChessBase"]
[SourceQuality "1"]
[TimeControl "5400+30"]

1. e4 c5 2. Nf3 d6 3. Bb5+ Bd7 4. Bxd7+ Nxd7 5. O-O Ngf6 6. Re1 g6 7. c3 Bg7 8. d4 O-O 9. e5 Ne8 10. Bg5 dxe5 11. dxe5 Nc7 12. Qc1 Ne6 13. Bh6 Qc7 14. Qe3 Nb6 15. Bxg7 Kxg7 16. Nbd2 Rad8 17. g3 h6 18. h4 Rd7 19. h5 Rfd8 20. Qe2 g5 21. Nf1 Qc6 22. N3h2 Rd3 23. Qg4 Qa4 24. Qf5 Qc2 25. Ng4 Rxc3 26. Nxh6 Kxh6 27. Qxf7 Rf8 28. Qxe6+ Kxh5 29. g4+ Kh4 30. Qh6+ Kxg4 31. Nh2+ Kf4 32. Qxf8+ 1-0

[Event "EYCC O18-ch 2024"]
[Site "Prague"]
[Date "2024.08.26"]
[Round "5.15"]
[White "Ristic, Luka"]
[Black "Maldonado Mena, German"]
[Result "1-0"]
[ECO "A08"]
[WhiteElo "2274"]
[BlackElo "2073"]
[Annotator "RC"]
[PlyCount "57"]
[EventDate "2024.08.19"]
[EventType "swiss"]
[EventCountry "CZE"]
[SourceTitle "playchess.com"]
[Source "ChessBase"]
[SourceQuality "1"]
[TimeControl "5400+30"]

1. Nf3 d5 2. g3 Nf6 3. Bg2 e6 4. O-O Be7 5. d3 O-O 6. Nbd2 c5 7. e4 Nc6 8. Re1 Nd7 9. a4 Qc7 10. Nf1 d4 11. g4 Bd6 12. Ng3 Bf4 13. Nh5 Bxc1 14. Qxc1 Nde5 15. Nxe5 Nxe5 16. g5 Ng4 17. e5 f5 18. gxf6 gxf6 19. Qf4 Nxe5 20. Nxf6+ Rxf6 21. Qxf6 Ng6 22. Be4 Qf7 23. Qxf7+ Kxf7 24. a5 Rb8 25. Bxg6+ hxg6 26. b4 cxb4 27. Rab1 Bd7 28. Rxb4 Bc6 29. Rxd4 1-0

[Event "EYCC O18-ch 2024"]
[Site "Prague"]
[Date "2024.08.26"]
[Round "5.15"]
[White "Fishchuk, Vladyslav"]
[Black "Pyrih, Roman"]
[Result "1/2-1/2"]
[ECO "C41"]
[WhiteElo "2264"]
[BlackElo "2422"]
[Annotator "RC"]
[PlyCount "119"]
[EventDate "2024.08.19"]
[EventType "swiss"]
[EventCountry "CZE"]
[SourceTitle "playchess.com"]
[Source "ChessBase"]
[SourceQuality "1"]
[TimeControl "5400+30"]

1. e4 e5 2. Nc3 Nf6 3. Nf3 d6 4. d4 Nbd7 5. Rg1 c6 6. g4 h6 7. h4 exd4 8. Nxd4 Nc5 9. Qe2 Be7 10. g5 hxg5 11. hxg5 Nh5 12. Be3 g6 13. O-O-O Bd7 14. f4 b5 15. f5 b4 16. Nb1 Qa5 17. f6 Nxf6 18. gxf6 Bxf6 19. Qf3 Be5 20. Bc4 O-O-O 21. Rh1 Na4 22. Rxh8 Rxh8 23. Bf4 Rh3 24. Qf1 Rh1 25. Qxh1 Bxf4+ 26. Nd2 Qe5 27. Qg1 c5 28. Kb1 cxd4 29. Bd3 Be6 30. Nb3 Be3 31. Qe1 a5 32. Qh4 Kd7 33. Qh7 Nb6 34. Qg8 Qh5 35. Rf1 Kc7 36. Rxf7+ Bxf7 37. Qxf7+ Nd7 38. a4 bxa3 39. bxa3 a4 40. Qc4+ Nc5 41. Nxc5 Qxc5 42. Qxa4 g5 43. Qb3 g4 44. Qf7+ Kb6 45. Qb3+ Kc6 46. a4 g3 47. Qb8 Qb6+ 48. Bb5+ Kc5 49. Qg8 Kb4 50. Qxg3 d3 51. cxd3 Qc5 52. Qe1+ Ka3 53. Bc4 Qb6+ 54. Bb5 Qd4 55. Kc2 Qb2+ 56. Kd1 Bf4 57. Bd7 Kb3 58. Be6+ Kxa4 59. Bd7+ Kb3 60. Be6+ 1/2-1/2

[Event "EYCC O18-ch 2024"]
[Site "Prague"]
[Date "2024.08.26"]
[Round "5.16"]
[White "Pidluznij, Gleb"]
[Black "Bokhnak, Timofey"]
[Result "1-0"]
[ECO "C24"]
[WhiteElo "2414"]
[BlackElo "2273"]
[Annotator "RC"]
[PlyCount "189"]
[EventDate "2024.08.19"]
[EventType "swiss"]
[EventCountry "CZE"]
[SourceTitle "playchess.com"]
[Source "ChessBase"]
[SourceQuality "1"]
[TimeControl "5400+30"]

1. e4 e5 2. Bc4 Nf6 3. d3 Nc6 4. Nc3 d6 5. Nge2 Be7 6. O-O O-O 7. a3 Be6 8. f4 Bxc4 9. dxc4 exf4 10. Nxf4 Ne5 11. b3 c6 12. Be3 Qc7 13. Kh1 Rad8 14. Qe2 Rfe8 15. Rad1 Qa5 16. Bd4 Ned7 17. a4 Ne5 18. Nh5 Nxh5 19. Qxh5 Bf6 20. Rxf6 gxf6 21. Rd3 Re6 22. Rg3+ Kf8 23. Qxh7 Ng6 24. h4 Re5 25. c5 dxc5 26. Bxe5 Nxe5 27. h5 Qa6 28. Qf5 Ke7 29. h6 Rh8 30. h7 Ng6 31. Qxc5+ Ke8 32. Rf3 Rxh7+ 33. Kg1 Qb6 34. Qxb6 axb6 35. Rxf6 Rh5 36. Nd1 Re5 37. Ne3 Rxe4 38. Nc4 Re1+ 39. Rf1 Re2 40. Rf2 Re1+ 41. Rf1 Re2 42. c3 Ne5 43. Nxb6 Re3 44. Rc1 Kd8 45. Kf2 Ng4+ 46. Kf1 Kc7 47. Nc4 Rd3 48. a5 f5 49. b4 f4 50. Ke2 Rg3 51. Rh1 Nf6 52. Rh6 Nd7 53. Rh7 Kd8 54. Rh8+ Ke7 55. Rh7+ Ke6 56. Rh6+ Nf6 57. Nd6 Kxd6 58. Rxf6+ Ke5 59. Rf7 Rxc3 60. Rxb7 Ra3 61. Re7+ Kd4 62. Rf7 Ke5 63. Re7+ Kd4 64. Rc7 Kd5 65. Rd7+ Ke5 66. Rd3 Ra4 67. Rc3 Rxb4 68. Ra3 Rb7 69. Ra4 Rb2+ 70. Kf1 Rb7 71. a6 Ra7 72. Ke2 c5 73. Kd3 Kd5 74. Ra5 Kc6 75. Kc4 Kb6 76. Ra3 Ra8 77. a7 Kc6 78. Ra6+ Kb7 79. Kb5 c4 80. Rb6+ Kc7 81. Ka6 Rg8 82. Rb7+ Kd6 83. Rb8 Rxg2 84. a8=Q Ra2+ 85. Kb5 Rxa8 86. Rxa8 Kd5 87. Rf8 Ke4 88. Kxc4 Ke3 89. Re8+ Kd2 90. Rf8 Ke3 91. Kc3 f3 92. Re8+ Kf2 93. Kd2 Kg1 94. Rf8 f2 95. Ke2 1-0

[Event "EYCC O18-ch 2024"]
[Site "Prague"]
[Date "2024.08.26"]
[Round "5.16"]
[White "Nastore, Pavel-Alexandru"]
[Black "Anacak, Hasan Gunes"]
[Result "1-0"]
[ECO "B61"]
[WhiteElo "2233"]
[BlackElo "2071"]
[Annotator "RC"]
[PlyCount "107"]
[EventDate "2024.08.19"]
[EventType "swiss"]
[EventCountry "CZE"]
[SourceTitle "playchess.com"]
[Source "ChessBase"]
[SourceQuality "1"]
[TimeControl "5400+30"]

1. e4 c5 2. Nf3 d6 3. d4 cxd4 4. Nxd4 Nf6 5. Nc3 Nc6 6. Bg5 Bd7 7. Qd2 Rc8 8. O-O-O Nxd4 9. Qxd4 Qa5 10. Bd2 Ng4 11. Be1 Qc5 12. Qxc5 Rxc5 13. h3 Nf6 14. f3 a6 15. Bf2 Rc8 16. g4 Bc6 17. h4 e6 18. Kb1 Be7 19. Bh3 b5 20. Rhe1 Nd7 21. Ne2 O-O 22. Nd4 Bb7 23. c3 Rfd8 24. g5 Nc5 25. Nc2 a5 26. Bf1 Rb8 27. Nd4 b4 28. c4 a4 29. Bg3 g6 30. Nb5 e5 31. Rd2 Bc6 32. Nc7 Rb7 33. Nd5 Bxd5 34. cxd5 f6 35. gxf6 Bxf6 36. Bh3 Bg7 37. h5 Bh6 38. Rg2 Rf8 39. hxg6 hxg6 40. Bg4 b3 41. Rh1 bxa2+ 42. Kxa2 Bg7 43. Bf2 Rfb8 44. Bxc5 dxc5 45. Be6+ Kf8 46. Rc1 Rb5 47. Rcc2 a3 48. bxa3 Rb3 49. Rxc5 Rxf3 50. d6 Bf6 51. Rgc2 Kg7 52. Rc8 Rb6 53. Rh2 Bh4 54. Rg8+ 1-0

[Event "EYCC O18-ch 2024"]
[Site "Prague"]
[Date "2024.08.26"]
[Round "5.17"]
[White "Kutowski, Marcel"]
[Black "Davtyan, Arsen"]
[Result "1/2-1/2"]
[ECO "C93"]
[WhiteElo "2263"]
[BlackElo "2402"]
[Annotator "RC"]
[PlyCount "72"]
[EventDate "2024.08.19"]
[EventType "swiss"]
[EventCountry "CZE"]
[SourceTitle "playchess.com"]
[Source "ChessBase"]
[SourceQuality "1"]
[TimeControl "5400+30"]

1. e4 e5 2. Nf3 Nc6 3. Bb5 a6 4. Ba4 Nf6 5. O-O Be7 6. Re1 b5 7. Bb3 d6 8. c3 O-O 9. h3 h6 10. d4 Re8 11. Nbd2 Bd7 12. Nf1 a5 13. d5 Nb8 14. a4 Na6 15. axb5 Nc5 16. Bc2 Bxb5 17. b3 Bxf1 18. Kxf1 c6 19. dxc6 Qb6 20. Bd2 Qxc6 21. Qe2 Rec8 22. Nh4 a4 23. Nf5 Bf8 24. bxa4 Nxa4 25. Qf3 Nc5 26. Nxh6+ gxh6 27. Qxf6 Rxa1 28. Rxa1 Nxe4 29. Bxe4 Qxe4 30. Bxh6 Bxh6 31. Qxh6 Rxc3 32. Qxd6 Qc4+ 33. Kg1 Rc1+ 34. Rxc1 Qxc1+ 35. Kh2 Qf4+ 36. Kg1 Qc1+ 1/2-1/2

[Event "EYCC O18-ch 2024"]
[Site "Prague"]
[Date "2024.08.26"]
[Round "5.18"]
[White "Belkaid, Sohan"]
[Black "Loftgaard, Mikkel Vinh"]
[Result "1/2-1/2"]
[ECO "B40"]
[WhiteElo "2384"]
[BlackElo "2227"]
[Annotator "RC"]
[PlyCount "91"]
[EventDate "2024.08.19"]
[EventType "swiss"]
[EventCountry "CZE"]
[SourceTitle "playchess.com"]
[Source "ChessBase"]
[SourceQuality "1"]
[TimeControl "5400+30"]

1. e4 c5 2. Nf3 e6 3. g3 Nc6 4. Bg2 Nf6 5. Qe2 d6 6. O-O Be7 7. d3 O-O 8. a4 Rb8 9. Nc3 a6 10. e5 dxe5 11. Nxe5 Nd4 12. Qd1 b5 13. axb5 axb5 14. Bf4 Bb7 15. Ng4 Bxg2 16. Nxf6+ Bxf6 17. Kxg2 Ra8 18. Rc1 Be7 19. Be3 b4 20. Ne4 f5 21. Nd2 Qd5+ 22. f3 e5 23. Nc4 Ra6 24. Bxd4 cxd4 25. Qe2 Re6 26. Kg1 Re8 27. b3 e4 28. fxe4 fxe4 29. dxe4 Rxe4 30. Qf3 Bc5 31. Kh1 Qe6 32. Qf5 Re2 33. Qxe6+ R8xe6 34. Rf5 Be7 35. Kg1 h6 36. Rf2 Bc5 37. Rxe2 Rxe2 38. Kh1 Kf7 39. Nb2 Kg6 40. Nd3 Bd6 41. Re1 Rxe1+ 42. Nxe1 Kf5 43. Kg2 Ke4 44. Kf2 h5 45. Nd3 g5 46. Ke2 1/2-1/2

[Event "EYCC O18-ch 2024"]
[Site "Prague"]
[Date "2024.08.28"]
[Round "6.1"]
[White "Davtyan, Arsen"]
[Black "Fishchuk, Vladyslav"]
[Result "1-0"]
[ECO "B31"]
[WhiteElo "2402"]
[BlackElo "2264"]
[Annotator "RC"]
[PlyCount "69"]
[EventDate "2024.08.19"]
[EventType "swiss"]
[EventCountry "CZE"]
[SourceTitle "playchess.com"]
[Source "ChessBase"]
[SourceQuality "1"]
[TimeControl "5400+30"]

1. e4 c5 2. Nf3 Nc6 3. Bb5 g6 4. Bxc6 bxc6 5. O-O Bg7 6. Re1 Qc7 7. h3 d6 8. Na3 e5 9. c3 Ne7 10. d4 cxd4 11. cxd4 exd4 12. Bf4 O-O 13. Rc1 Rd8 14. b3 Ba6 15. Nxd4 Qa5 16. Nc4 Bxc4 17. Rxc4 c5 18. Nf3 d5 19. exd5 Nxd5 20. Qe2 Qb5 21. Be5 Re8 22. Qd2 Rad8 23. Bxg7 Rxe1+ 24. Qxe1 Kxg7 25. Qc1 Nb4 26. Rh4 h5 27. Rxh5 Kg8 28. Rh4 Qe2 29. Qc3 Qd1+ 30. Kh2 Qd6+ 31. g3 f6 32. Qe3 Qd3 33. Qe6+ Kg7 34. Qe7+ Kg8 35. Qxf6 1-0

[Event "EYCC O18-ch 2024"]
[Site "Prague"]
[Date "2024.08.28"]
[Round "6.1"]
[White "Pasztor, Balazs"]
[Black "Rozen, Eytan"]
[Result "1/2-1/2"]
[ECO "B92"]
[WhiteElo "2402"]
[BlackElo "2478"]
[Annotator "RC"]
[PlyCount "232"]
[EventDate "2024.08.19"]
[EventType "swiss"]
[EventCountry "CZE"]
[SourceTitle "playchess.com"]
[Source "ChessBase"]
[SourceQuality "1"]
[TimeControl "5400+30"]

1. e4 c5 2. Nf3 d6 3. d4 cxd4 4. Nxd4 Nf6 5. Nc3 a6 6. Be2 e5 7. Nb3 Be7 8. Be3 Be6 9. Nd5 Nbd7 10. Qd3 O-O 11. O-O Bxd5 12. exd5 Rc8 13. c4 a5 14. Rae1 g6 15. Kh1 h5 16. f4 exf4 17. Bxf4 Ne5 18. Qd4 Nfd7 19. Nd2 f5 20. Nf3 Bf6 21. Qg1 Nc5 22. Nd4 Qd7 23. b3 Rce8 24. Rd1 Rf7 25. Bc1 h4 26. Bf3 Kh7 27. Ba3 Rfe7 28. Bxc5 dxc5 29. Ne6 b6 30. g4 hxg3 31. Qxg3 Nxf3 32. Qxf3 Rxe6 33. dxe6 Qxe6 34. Rd2 Bd4 35. Rg2 Qe4 36. Qg3 f4 37. Qh4+ Kg7 38. h3 Re6 39. Qg4 Rf6 40. h4 Be3 41. h5 Rd6 42. Kh2 a4 43. Rf3 axb3 44. axb3 Qe6 45. Qh4 Qe4 46. Qg4 Qe5 47. hxg6 Rd8 48. Ra2 Qc7 49. Qe6 Rh8+ 50. Kg2 Rh6 51. Qf7+ Qxf7 52. gxf7 Rg6+ 53. Kh3 Kxf7 54. Ra6 Ke7 55. Kh4 Kd7 56. Kh5 Rg3 57. Ra7+ Ke6 58. Rf1 Kf5 59. Rf7+ Ke4 60. Rf6 Kd3 61. Rxb6 Ke2 62. Ra1 f3 63. b4 f2 64. bxc5 Rg5+ 65. Kh4 Rxc5 66. Rb2+ Kf3 67. Rb7 Rxc4+ 68. Kh3 Rf4 69. Rg7 Ke2 70. Kg2 f1=Q+ 71. Rxf1 Rxf1 72. Rg4 Bf4 73. Rg6 Rf2+ 74. Kh3 Kf3 75. Rg3+ Ke4 76. Rg2 Rf1 77. Rg6 Kf5 78. Kg2 Ra1 79. Rg8 Bg5 80. Kf3 Ra3+ 81. Ke2 Re3+ 82. Kd1 Rc3 83. Ke2 Bf4 84. Rf8+ Ke4 85. Re8+ Be5 86. Re7 Rc2+ 87. Ke1 Kd4 88. Kf1 Bf4 89. Re2 Rc8 90. Re7 Be3 91. Ke2 Rc2+ 92. Kf3 Rf2+ 93. Kg4 Rf8 94. Rd7+ Ke4 95. Re7+ Kd3 96. Re6 Rf7 97. Rd6+ Bd4 98. Ra6 Ke4 99. Ra4 Rg7+ 100. Kh4 Ke5 101. Kh3 Be3 102. Rg4 Ra7 103. Rb4 Bf4 104. Kg4 Rg7+ 105. Kf3 Rg3+ 106. Ke2 Ra3 107. Rb5+ Ke4 108. Rb4+ Kf5 109. Rb5+ Kg4 110. Rd5 Rc3 111. Rd4 Kf5 112. Rd8 Re3+ 113. Kd1 Ke4 114. Kc2 Re2+ 115. Kb3 Rd2 116. Rxd2 Bxd2 1/2-1/2

[Event "EYCC O18-ch 2024"]
[Site "Prague"]
[Date "2024.08.28"]
[Round "6.2"]
[White "Piliposyan, Robert"]
[Black "Sokolovsky, Yahli"]
[Result "1/2-1/2"]
[ECO "D35"]
[WhiteElo "2376"]
[BlackElo "2522"]
[Annotator "TA"]
[PlyCount "58"]
[EventDate "2024.08.19"]
[EventType "swiss"]
[EventCountry "CZE"]
[SourceTitle "playchess.com"]
[Source "ChessBase"]
[SourceQuality "1"]
[TimeControl "5400+30"]

1. d4 d5 2. c4 e6 3. Nc3 Nf6 4. cxd5 exd5 5. Bg5 Be7 6. e3 c6 7. Bd3 O-O 8. Qc2 h6 9. Bh4 c5 10. dxc5 Nc6 {[%emt 0:02:59] [#] aiming for ...Nb4.} 11. Nf3 {[%emt 0:02:31] White is more active.} (11. Rd1 $14) 11... d4 $1 $11 {[%emt 0:02:03] White must now prevent ...Nb4. The position is equal.} 12. Nxd4 (12. Rd1 {is interesting.} g5 13. Bc4 d3 14. Bxd3 Nb4 15. Qb1) 12... Nxd4 13. exd4 Qxd4 14. Bxf6 Bxf6 15. O-O Qxc5 16. Ne4 Qb6 17. Nxf6+ Qxf6 18. Bh7+ Kh8 {[%emt 0:00:02] [#] Hoping for ...g6.} 19. Be4 Qb6 20. Bd5 Be6 21. Bxe6 Qxe6 22. Rfe1 Rac8 23. Qa4 Qb6 24. Re2 f5 25. Qb3 Qxb3 26. axb3 Rfe8 27. Rxe8+ Rxe8 28. Kf1 {[%emt 0:00:07] Prevents Re2.} (28. Rxa7 $2 Re1#) 28... a6 29. Ra5 Rc8 {[%emt 0:08:51] Weighted Error Value: White=0.07 (flawless) /Black=0.03 (flawless) .  Mistake:       	White=1     	---        OK:         	White=13    	Black=7      Strong:       	---       	Black=1} 1/2-1/2